 Dungeon Crawl Stone Soup version 0.31-a0-1074-g0b22e4e0f1 (webtiles) character file.

Game seed: 17555570247055667912

2444 MIKEmikeMIKE the Shield-Bearer (level 9, -2/84 HPs)
             Began as a Troll Gladiator on Nov 26, 2023.
             Was an Initiate of Gozag.
             Slain by a wyvern (3 damage)
             ... on level 8 of the Dungeon.
             The game lasted 00:50:59 (6777 turns).

MIKEmikeMIKE the Shield-Bearer (Troll Gladiator)    Turns: 6777, Time: 00:50:59

Health: -2/84      AC:  5    Str: 34    XL:     9   Next: 25%
Magic:  8/8        EV: 13    Int:  4    God:    Gozag
Gold:   491        SH: 14    Dex: 11    Spells: 7/8 levels left

rFire   . . .        u - +2 demon trident (vamp)
rCold   . . .        r - +0 tower shield
rNeg    . . .        b - +0 robe
rPois   .            c - +0 hat
rElec   .            g - +0 cloak
rCorr   .            (gloves unavailable)
SInv    .            (boots unavailable)
Will    .....        (no amulet)
Stlth   +            x - +5 ring of evasion
HPRegen 1.14/turn    n - +6 ring of strength
MPRegen 0.11/turn

%: no passive effects
@: lethally poisoned (-2 -> -3), about to teleport
A: large, unfitting armour, claws 3, regeneration 1, shaggy fur 1, tough skin 1
a: Renounce Religion, Potion Petition, Call Merchant, Bribe Branch


You were on level 8 of the Dungeon.
You worshipped Gozag.
Gozag was aware of your devotion.
You visited 2 branches of the dungeon, and saw 9 of its levels.

You collected 695 gold pieces.
You spent 154 gold pieces at shops.
You paid 50 gold pieces to Gozag.

Inventory:

Hand Weapons
 j - a +2 short sword of venom
 m - a +0 dagger of distortion
 o - the +7 hand axe of the Crafting Gods {flame, *Corrode rC+ Str+2 Int+3}
   (You found it on level 2 of the Dungeon)

   Str+2:     It affects your strength (+2).
   Int+3:     It affects your intelligence (+3).
   rC+:       It protects you from cold.
   *Corrode:  It may corrode you when you take damage.
 u - a +2 vampiric demon trident (weapon)
 H - a +1 scythe of venom
Missiles
 d - 4 throwing nets
 e - 4 large rocks
Armour
 b - a +0 robe (worn)
 c - a +0 hat (worn)
 g - a +0 cloak (worn)
 r - a +0 tower shield (worn)
 C - a scarf of invisibility
Jewellery
 i - a ring of poison resistance
 n - a +6 ring of strength (right claw)
 x - a +5 ring of evasion (left claw)
 D - a ring of wizardry
 J - a ring of wizardry
Wands
 w - a wand of flame (52)
 y - a wand of roots (7)
 A - a wand of charming (9)
 F - a wand of polymorph (5)
Scrolls
 l - a scroll of noise
 p - a scroll of silence
 q - a scroll of amnesia
 t - a scroll of blinking {unknown}
 B - a scroll of enchant armour {unknown}
 E - 2 scrolls of vulnerability
 K - a scroll of acquirement {unknown}
 L - a scroll of immolation {unknown}
Potions
 f - a potion of might (quivered) {unknown}
 h - 2 potions of haste
 k - 4 potions of curing
 s - a potion of enlightenment {unknown}
 v - a potion of lignification
 z - a potion of mutation
 G - 2 potions of heal wounds
 I - a potion of cancellation


   Skills:
 + Level 4.2 Fighting
 - Level 2.0(4.7) Axes
 + Level 6.7(6.9) Polearms
 + Level 1.8 Throwing
 - Level 3.0 Dodging
 * Level 7.1 Shields
 + Level 0.1 Evocations


You had 7 spell levels left.
You knew the following spells:

 Your Spells              Type           Power      Damage    Failure   Level
a - Kiss of Death         Conj/Necr      0%         2d5       86%         1

Your spell library contained the following spells:

 Spells                   Type           Power      Damage    Failure   Level
 Blink                    Tloc           0%         N/A       95%         2
 Lesser Beckoning         Tloc           0%         N/A       95%         2
 Momentum Strike          Conj/Tloc      0%         3d8       95%         2
 Confusing Touch          Hex            0%         N/A       99%         3
 Dispel Undead            Necr           0%         3d6       100%        4


Dungeon Overview and Level Annotations

Branches:
Dungeon (8/15)             Temple (1/1) D:7
   Lair: D:8-11

Altars:
Ashenzari
Dithmenos
Fedhas
Gozag
Hepliaklqana
Kikubaaqudgha
Makhleb
Nemelex Xobeh
Qazlal
Ru
Sif Muna
Trog
Uskayaw
Xom
Yredelemnul
Zin
The Shining One

Shops:
D:1 [   D:5 :   D:6 *   D:7 (:


Innate Abilities, Weirdness & Mutations

You are too large for most types of armour.
You have claws for hands.
Your natural rate of healing is unusually fast.
You are covered in fur. (AC +1)
You have tough skin. (AC +1)


Message History

You bump into the rock wall.
The wyvern closely misses you.
The orc priest invokes the aid of Beogh against you.
Beogh smites you! The killer bee stings you. The killer bee barely misses you.
You bump into the rock wall.
The killer bee closely misses you.
The killer bee stings you but does no damage.
The wyvern barely misses you. The killer bee barely misses you.
The killer bee completely misses you. The wyvern bites you!
The orc wizard closely misses you.
You hit the orc wizard.
You feel better.
The orc wizard is almost dead.
The killer bee stings you.
You are poisoned.
The killer bee poisons you! The killer bee stings you. The wyvern bites you.
The killer bee stings you. The killer bee misses you.
The orc wizard closely misses you. The wyvern bites you.
The killer bee stings you. The killer bee misses you.
You miss the killer bee.
You feel less confused.
You feel sick.
The killer bee stings you. x2; The wyvern bites you!
* * * LOW HITPOINT WARNING * * *
You block the orc wizard's attack. You block the killer bee's attack.
The killer bee stings you but does no damage.
As you read the scroll of teleportation, it crumbles to dust.
You feel strangely unstable.
You feel sick.
The wyvern bites you but does no damage.
The killer bee stings you.
* * * LOW HITPOINT WARNING * * *
You block the killer bee's attack.
The orc wizard points at you and mumbles some strange words.
You easily resist.
The wyvern bites you!
* * * LOW HITPOINT WARNING * * *
The killer bee stings you!
* * * LOW HITPOINT WARNING * * *
The killer bee closely misses you.
The orc priest calls upon Beogh to heal the orc wizard.
The orc wizard is healed somewhat.
* * * LOW HITPOINT WARNING * * *
You feel sick. The wyvern bites you.
You die...
Your body crumbles into a pile of gold.

#..... #..... #.....
#..... .#
###.....######.#
..............$ #
#.............. #. #$##
#@......)
##.##.$####yl......
#........ooy.......
#........##y.......
#..................
.#####........####......
..............# ......
..............# ......
..............## ......


You could see a wyvern, 3 killer bees and an orc wizard.

Vanquished Creatures
  Sigmund (D:6)
  Eustachio (D:4)
  A wyvern (D:5)
  Menkaure (D:4)
  Duvessa (D:4)
  An ice beast (D:5)
  A sky beast (D:6)
  An ogre (D:6)
  2 bullfrogs
  5 scorpions
  Dowan (D:4)
  6 killer bees (D:7)
  A howler monkey (D:5)
  2 orc priests
  3 jellies
  2 sleepcaps (D:7)
  A gnoll bouda (D:7)
  4 hounds
  Ijyb (D:5)
  5 iguanas
  Natasha (thrice) (D:4)
  5 adders
  3 gnolls (D:7)
  A white imp (D:6)
  3 worms (D:2)
  2 dart slugs
  9 orcs
  4 bats (D:2)
  6 endoplasms
  2 giant cockroaches
  8 goblins
  7 hobgoblins
  8 jackals
  2 quokkas
  9 ball pythons
  9 frilled lizards
  2 kobolds
  4 rats
128 creatures vanquished.

Notes
Turn   | Place    | Note
-------+----------+-------------------------------------------
     0 | D:1      | MIKEmikeMIKE the Troll Gladiator began the quest for the
                  | Orb.
     0 | D:1      | Reached XP level 1. HP: 19/19 MP: 0/0
   183 | D:1      | Found Ocoets's Armour Shoppe.
   249 | D:1      | Reached XP level 2. HP: 28/28 MP: 1/1
  1044 | D:1      | Reached XP level 3. HP: 35/35 MP: 2/2
  1651 | D:2      | Found a faded altar of an unknown god.
  1672 | D:2      | Reached XP level 4. HP: 38/42 MP: 3/3
  1698 | D:2      | Identified the +7 hand axe of the Crafting Gods {flame,
                  | *Corrode rC+ Str+2 Int+3}
  2009 | D:1      | Bought a +0 tower shield for 49 gold pieces
  2038 | D:3      | Noticed a scorpion
  2048 | D:3      | Killed a scorpion
  2049 | D:3      | Reached skill level 1 in Axes
  2049 | D:3      | Reached skill level 1 in Shields
  2094 | D:3      | Reached XP level 5. HP: 38/49 MP: 4/4
  2675 | D:4      | Noticed Eustachio
  2731 | D:4      | Killed Eustachio
  2732 | D:4      | Reached skill level 2 in Shields
  2732 | D:4      | Reached XP level 6. HP: 59/59 MP: 5/5
  2936 | D:4      | Noticed Natasha
  2948 | D:4      | Killed Natasha
  2971 | D:4      | Noticed Menkaure
  2978 | D:4      | Killed Menkaure
  2979 | D:4      | Reached skill level 3 in Shields
  3281 | D:4      | Noticed Duvessa
  3281 | D:4      | Noticed Dowan
  3281 | D:4      | Noticed Natasha
  3312 | D:4      | Killed Natasha
  3405 | D:4      | Noticed Natasha
  3418 | D:4      | Killed Natasha
  3419 | D:4      | Reached XP level 7. HP: 49/67 MP: 6/6
  3889 | D:4      | Killed Duvessa
  3901 | D:4      | Killed Dowan
  3902 | D:4      | Reached skill level 4 in Shields
  4162 | D:4      | Found an opulent altar of Gozag.
  4171 | D:4      | Became a worshipper of Gozag Ym Sagoz the Greedy
  4209 | D:5      | Entered Level 5 of the Dungeon
  4258 | D:5      | Noticed Ijyb
  4273 | D:5      | Killed Ijyb
  4356 | D:5      | Found Vioriz's Self-Improvement Boutique.
  4479 | D:5      | Reached skill level 5 in Shields
  4521 | D:5      | Reached XP level 8. HP: 75/75 MP: 7/7
  4533 | D:5      | Reached skill level 5 in Polearms
  4589 | D:5      | Found a burning altar of Makhleb.
  5349 | D:6      | Learned a level 1 spell: Kiss of Death
  5417 | D:6      | Found Mora's General Store.
  5418 | D:6      | Found Meseoll's Specific Store.
  5424 | D:6      | Bought a scroll of identify for 20 gold pieces
  5424 | D:6      | Bought a potion of curing for 30 gold pieces
  5428 | D:6      | Bought a potion of heal wounds for 55 gold pieces
  5447 | D:6      | Noticed Sigmund
  5464 | D:6      | Killed Sigmund
  5465 | D:6      | Reached skill level 6 in Shields
  5592 | D:6      | Found a broken altar of Ashenzari.
  5592 | D:6      | Found a basalt altar of Yredelemnul.
  6112 | D:7      | Reached XP level 9. HP: 84/84 MP: 8/8
  6163 | D:7      | Found a staircase to the Ecumenical Temple.
  6216 | D:7      | Found Xuleti Adausch's Book Shoppe.
  6274 | D:7      | Found Batemn Puniss's Weapon Boutique.
  6436 | D:7      | Found a shimmering altar of Xom.
  6449 | D:7      | Reached skill level 7 in Shields
  6449 | D:7      | Found a shimmering altar of Xom.
  6478 | D:7      | Found a shimmering altar of Xom.
  6479 | D:7      | Found a shimmering altar of Xom.
  6480 | D:7      | Found a shimmering altar of Xom.
  6572 | Temple   | Entered the Ecumenical Temple
  6776 | D:8      | HP: 1/84 [killer bee (7)]
  6777 | D:8      | Slain by a wyvern

Illustrated notes

Levels and vault maps discovered:
D:1:      giann_wishing_wells, layout_basic, serial_shops, shop,
          minmay_hedge_maze
D:2:      layout_basic, hellmonk_ecumenical_altar_arch_garden
D:3:      layout_rooms, minmay_crystal_water, hex_medium
D:4:      layout_cave_pods, lemuel_coloured_pillars_altar, minmay_lizard_king,
          uniq_eustachio, uniq_duvessa, uniq_natasha, uniq_menkaure
D:5:      layout_layer_cave, makhleb_heckhound_becter, nicolae_shop_self_help,
          uniq_ijyb
D:6:      layout_loops_cross, gammafunk_temple_overflow_elements,
          nicolae_specific_store, uniq_sigmund
D:7:      layout_rooms, xom_redecorated, minmay_temple_entry_mist, serial_shops,
          nicolae_shop_peninsula, shop, eino_jars
D:8:      layout_rooms, nicolae_overflow_hidden_temple
Temple:   nicolae_temple_godzebo

Skill      XL: |  1  2  3  4  5  6  7  8  9 |
---------------+----------------------------+-----
Polearms       | 3 4 6 |  6.7
Dodging        | 3 |  3.0
Fighting       | 2 3 4 |  4.2
Axes           | 1 2 |  2.0
Shields        | 1 2 3 5 6 7 |  7.1
Throwing       | |  1.8
Evocations     | |  0.1

Action                     |  1- 3 |  4- 6 |  7- 9 || total
---------------------------+-------+-------+-------++-------
  Melee: Trident           |   155 |       |       ||   155
         Punch             |     1 |       |       ||     1
         Hand axe          |       |    25 |       ||    25
         Demon trident     |       |    89 |   256 ||   345
  Evoke: Wand              |       |     1 |       ||     1
    Use: Potion            |     3 |     5 |     1 ||     9
         Scroll            |     1 |     6 |     6 ||    13
   Stab: Invisible         |       |       |     2 ||     2
         Sleeping          |       |       |     1 ||     1
 Armour: Robe              |    86 |    69 |   120 ||   275
         Skin              |       |     6 |       ||     6
  Dodge: Dodged            |    93 |    48 |   122 ||   263
  Block: Tower shield      |       |   103 |   203 ||   306

Table legend: (Time is in decaauts)
 A = Elapsed time spent in this place.
 B = Non-inter-level travel time spent in this place.
 C = Inter-level travel time spent in this place.
 D = Time resting spent in this place.
 E = Time spent auto-exploring this place.
 F = Levels seen in this place.
 G = Mean time per level.
                   A        B        C        D        E       F      G
               +--------+--------+--------+--------+--------+-----+--------+
         Total |   6890 |   6526 |    364 |    910 |   3521 |   9 |  765.6 |
       Dungeon |   6854 |   6490 |    364 |    910 |   3521 |   8 |  856.8 |
        Temple |     35 |     35 |      0 |      0 |      0 |   1 |   35.0 |
               +--------+--------+--------+--------+--------+-----+--------+

Top non-repeatable levels by time:
     D:4: 1609 daAuts
     D:1: 1366 daAuts
     D:5: 1148 daAuts
     D:6: 763 daAuts
     D:2: 745 daAuts
     D:7: 624 daAuts
     D:3: 556 daAuts
     D:8: 41 daAuts
  Temple: 35 daAuts
